 Dungeon Crawl Stone Soup version 0.31-a0-818-ge7c7cf74f0 (webtiles) character file.

Game seed: 11331479015411725138

65 Kurtz the Chopper (level 4, 0/31 HPs)
             Began as an Octopode Fighter on Sept 23, 2023.
             Slain by a gnoll
             ... wielding a +0 halberd
              (15 damage)
             ... on level 2 of the Dungeon.
             The game lasted 00:01:03 (1298 turns).

Kurtz the Chopper (Octopode Fighter)                Turns: 1298, Time: 00:01:04

Health: 0/31       AC:  1    Str: 15    XL:     4   Next: 14%
Magic:  4/4        EV: 13    Int: 10    God:
Gold:   6          SH:  4    Dex: 13    Spells: 3/3 levels left

rFire   . . .        a - +0 war axe
rCold   . . .        b - +0 buckler
rNeg    . . .        n - +0 hat
rPois   .            (no amulet)
rElec   .            (no ring)
rCorr   .            (no ring)
SInv    .            (no ring)
Will    .....        (no ring)
Stlth   ++           (no ring)
HPRegen 0.25/turn    (no ring)
MPRegen 0.09/turn    (no ring)
                     (no ring)

%: no passive effects
@: mighty
A: almost no armour, amphibious, 8 rings, camouflage 1, gelatinous body 1,
(nimble swimmer 1), tentacles
a: no special abilities


You were on level 2 of the Dungeon.
You visited 1 branch of the dungeon, and saw 2 of its levels.

You collected 66 gold pieces.
You spent 60 gold pieces at shops.

Inventory:

Hand Weapons
 a - a +0 war axe (weapon)
Missiles
 f - 5 javelins
Armour
 b - a +0 buckler (worn)
 n - a +0 hat (worn)
Scrolls
 d - a scroll of torment {unknown}
 e - a scroll of revelation {unknown}
 g - 3 scrolls of enchant weapon {unknown}
 i - a scroll of identify {unknown}
 j - a scroll of amnesia {unknown}
 k - a scroll of fog {unknown}
Potions
 h - 2 potions of brilliance {unknown}
 l - a potion of lignification {unknown}
 m - a potion of heal wounds


   Skills:
 - Level 3.0 Fighting
 * Level 3.9 Axes
 + Level 3.5 Dodging
 - Level 3.0 Shields


You had 3 spell levels left.
You didn't know any spells.
Your spell library contained the following spells:

 Spells                   Type           Power      Damage    Failure   Level
 Ensorcelled Hibernation  Hex/Ice        0%         N/A       58%         2
 Passwall                 Tmut/Erth      0%         N/A       58%         2
 Swiftness                Air            0%         N/A       83%         3


Dungeon Overview and Level Annotations

Branches:
Dungeon (2/15)

Altars:
Xom

Shops:
D:2 !


Innate Abilities, Weirdness & Mutations

You cannot wear most types of armour.
You are amphibious.
You can wear up to eight rings at the same time.
Your skin changes colour to match your surroundings (Stealth+).
Your rubbery body absorbs attacks. (AC +1, EV +1)
((You are camouflaged when in or above water. (Stealth+)))
You have tentacles for arms and can constrict up to eight enemies at once.


Message History

A rat comes into view.
A rat is nearby!
A rat is nearby!
A rat is nearby! 2 gnolls come into view.
There are monsters nearby!
The rat bites you.
There are monsters nearby!
There are monsters nearby!
You barely miss the rat. Your grab misses the rat. You squeeze the rat.
You kill the rat!
The gnoll shouts!
A gnoll comes into view. It is wielding a +0 halberd.
There are monsters nearby!
The gnoll shouts!
The gnoll closely misses you.
There are monsters nearby!
There are monsters nearby!
There are monsters nearby!
The gnoll attacks as it pursues you! The gnoll hits you with a +0 flail!
The gnoll attacks as it pursues you! The gnoll closely misses you.
The gnoll attacks as it pursues you! The gnoll misses you.
The gnoll attacks as it pursues you! You block the gnoll's attack.
You see here a +0 mace.
The gnoll attacks as it pursues you! The gnoll barely misses you.
The gnoll attacks as it pursues you! The gnoll barely misses you.
You feel very mighty all of a sudden. You block the gnoll's attack.
You barely miss the gnoll. You grab the gnoll. You squeeze the gnoll!
The gnoll is almost dead.
You constrict the gnoll.
You kill the gnoll!
You have reached level 4!
You block the gnoll's attack.
The gnoll hits you from afar with a +0 spear!
Things that are here:
a +0 flail; a gnoll corpse You barely miss the gnoll.
You grab the gnoll. You constrict the gnoll.
The gnoll hits you with a +0 halberd!
You die...

### #.+ ..# ..#. ..#.# ..#.
#.#.. #.... ..... #.#.# #.#
#.... ..... #.#.# #.# #....
...... #.#.# #.# #....
#.....####.#@# #.# # #....
#........#†#g#.#.#.# +....
. #..g..#g#.#.#.######....
..#####g.)...)........+....
.............#.########....
..?......#...÷......<######
.........#....÷############
..######...................
. #.........###.......


You could see 2 gnolls.

Vanquished Creatures
  A gnoll (D:2)
  2 adders (D:2)
  A dart slug (D:2)
  3 endoplasms
  8 goblins
  2 hobgoblins (D:2)
  2 jackals (D:2)
  4 ball pythons
  3 bats
  2 frilled lizards (D:1)
  4 kobolds
  3 rats (D:2)
35 creatures vanquished.

Notes
Turn   | Place    | Note
-------+----------+-------------------------------------------
     0 | D:1      | Kurtz the Octopode Fighter began the quest for the Orb.
     0 | D:1      | Reached XP level 1. HP: 16/16 MP: 1/1
   300 | D:1      | Reached XP level 2. HP: 21/21 MP: 2/2
   945 | D:2      | Reached XP level 3. HP: 26/26 MP: 3/3
   976 | D:2      | Found a shimmering altar of Xom.
  1137 | D:2      | Found Unno's Distillery.
  1173 | D:2      | Bought a potion of heal wounds for 60 gold pieces
  1297 | D:2      | Reached XP level 4. HP: 24/31 MP: 4/4
  1298 | D:2      | Slain by a gnoll

Illustrated notes

Levels and vault maps discovered:
D:1:      amcnicky_arrival_wind_blow, layout_basic, serial_curves,
          eino_curves_02, eino_curves_04, eino_curves_02, eino_curves_04
D:2:      layout_basic, basic_altar, serial_shops, shop

Skill      XL: |  1  2 |
---------------+-------+-----
Axes           | 3 |  3.9
Fighting       | |  3.0
Dodging        | |  3.5
Shields        | |  3.0

Action                     |  1- 3 |  4- 6 || total
---------------------------+-------+-------++-------
  Melee: War axe           |    57 |     1 ||    58
         Constrict         |    17 |     1 ||    18
         Tentacles         |     6 |       ||     6
         Punch             |     2 |       ||     2
    Use: Potion            |     1 |       ||     1
   Stab: Sleeping          |     7 |       ||     7
         Distracted        |     2 |       ||     2
 Armour: Skin              |    17 |     2 ||    19
  Dodge: Dodged            |    39 |       ||    39
  Block: Buckler           |     7 |     1 ||     8

Table legend: (Time is in decaauts)
 A = Elapsed time spent in this place.
 B = Non-inter-level travel time spent in this place.
 C = Inter-level travel time spent in this place.
 D = Time resting spent in this place.
 E = Time spent auto-exploring this place.
 F = Levels seen in this place.
 G = Mean time per level.
                   A        B        C        D        E       F      G
               +--------+--------+--------+--------+--------+-----+--------+
         Total |   1322 |   1236 |     86 |     41 |    957 |   2 |  661.0 |
       Dungeon |   1322 |   1236 |     86 |     41 |    957 |   2 |  661.0 |
               +--------+--------+--------+--------+--------+-----+--------+

Top non-repeatable levels by time:
     D:1: 920 daAuts
     D:2: 401 daAuts
